 Dungeon Crawl Stone Soup version 0.21.1-1-g345015f (webtiles) character file.

39 inc the Ducker (level 3, -9/17 HPs)
             Began as a Felid Chaos Knight on Feb 22, 2018.
             Killed from afar by an orc wizard (14 damage)
             ... with a puff of frost
             ... on level 3 of the Dungeon.
             The game lasted 00:05:58 (2452 turns).

inc the Ducker (Felid Chaos Knight)                 Turns: 2452, Time: 00:05:58

Health: -9/17      AC:  1    Str:  8    XL:     3   Next: 26%
Magic:  13/13      EV: 20    Int: 16    God:    Xom [*.....]
Gold:   68         SH:  0    Dex: 15    Spells: 2/2 levels left
                                        Lives:  0   Deaths: 1

rFire    . . .     SeeInvis +     - Unarmed
rCold    . . .     Gourm    .   (shield unavailable)
rNeg     . . .     Faith    .   (armour unavailable)
rPois    .         Spirit   .   (helmet unavailable)
rElec    .         Reflect  .   (cloak unavailable)
rCorr    .         Harm     .   (gloves unavailable)
MR       .....                  (boots unavailable)
Stlth    ++........             (no amulet)
HPRegen  0.05/turn              e - ring of magical power
MPRegen  0.13/turn              l - ring of see invisible

@: quick
A: very small, no armour, no weapons or thrown items, stealth, antennae 1, claws
1, fangs 3, see invisible, carnivore, clever 1, speed 1, shaggy fur 1, slow
metabolism 1, evolution 1, sharp paws
a: Renounce Religion


You were on level 3 of the Dungeon.
You worshipped Xom.
You were a special plaything of Xom.
You were not hungry.

You visited 1 branch of the dungeon, and saw 3 of its levels.

You collected 68 gold pieces.

Inventory:

Jewellery
 e - a ring of magical power (left paw)
 l - a ring of see invisible (right paw)
Scrolls
 b - a scroll of fog {unknown}
 c - 3 scrolls of identify {unknown}
 f - 4 scrolls of remove curse {unknown}
 i - 2 scrolls of magic mapping {unknown}
 j - a scroll of amnesia {unknown}
 m - a scroll of blinking {unknown}
 p - 2 scrolls of teleportation {unknown}
Potions
 g - a potion of magic
Comestibles
 a - 2 rations


   Skills:
 - Level 3.0 Fighting
 + Level 4.8 Dodging
 - Level 4.2 Unarmed Combat


You had 2 spell levels left.
You didn't know any spells.

Dungeon Overview and Level Annotations

Branches:
Dungeon (3/15)

Altars:
Elyvilon
Okawaru
Ru
Wu Jian

Annotations:
D:3 Jessica, Robin


Innate Abilities, Weirdness & Mutations

You cannot wear armour.
You are incapable of wielding weapons or throwing items.
Your paws allow you to move quietly. (Stealth)
You have sharp claws.
You have razor-sharp teeth.
You have supernaturally acute eyesight. (SInv)
You are carnivorous and can eat meat at any time.
You cover ground quickly.
You are covered in fur. (AC +1)
You have a slow metabolism.
Your sharp claws are effective at attacking unaware monsters.
You have a pair of small antennae on your head.
Your mind is acute. (Int +2)
You evolve.


Message History

Your bite misses the orc wizard.
The orc wizard is severely wounded.
The orc wizard hits you with a dagger.
You barely miss the orc wizard.
The orc wizard is severely wounded.
The orc wizard hits you with a dagger.
* * * LOW HITPOINT WARNING * * *
The orc wizard casts a spell at you. The puff of frost misses you.
The orc wizard points at you and mumbles some strange words.
The puff of frost misses you.
Okay, then.
The orc wizard gestures wildly while chanting.
The orc wizard flickers and vanishes for a moment.
The orc wizard barely misses you. The orc wizard casts a spell at you.
The puff of frost hits you!
Ouch! That really hurt!
You die...
Xom chuckles heartily!

#####
#...###############
#.......o.@.[......
#...##############.
##.## #.# #o####
#.@..#### #...##.<#
#...#...#
+#...#'.###
#####.....###.#
##.............#
#.......8......#
#..........[...#
#.####.....###....


You could see an orc wizard.

Vanquished Creatures
  2 adders (D:3)
  An ooze (D:2)
  3 dart slugs
  2 orcs (D:3)
  8 giant cockroaches
  11 hobgoblins
  A ball python (D:1)
  A bat (D:2)
  3 frilled lizards (D:1)
  6 goblins
  5 kobolds
  8 rats
51 creatures vanquished.

Notes
Turn   | Place    | Note
-------+----------+-------------------------------------------
     0 | D:1      | inc the Felid Chaos Knight began the quest for the Orb.
     0 | D:1      | Reached XP level 1. HP: 10/10 MP: 2/2
    64 | D:1      | XOM: harmless Conj miscast
   292 | D:1      | Reached XP level 2. HP: 12/14 MP: 3/3
   843 | D:2      | Reached XP level 3. HP: 9/17 MP: 4/4
  1082 | D:2      | Found an iron altar of Okawaru.
  1082 | D:2      | Found an ornate altar of the Wu Jian Council.
  1200 | D:2      | Found a white marble altar of Elyvilon.
  1329 | D:2      | Found a sacrificial altar of Ru.
  1504 | D:2      | XOM is BORED!
  1504 | D:2      | XOM: medium Summ miscast
  1505 | D:2      | Noticed a small abomination
  1505 | D:2      | Noticed a small abomination
  1505 | D:2      | Noticed a small abomination
  1854 | D:3      | Gained mutation: You are covered in thick fur. (AC +2) [potion of mutation]
  1854 | D:3      | Gained mutation: You are robust. (+10% HP) [potion of mutation]
  2247 | D:3      | Found a faded altar of an unknown god.
  2348 | D:3      | XOM: potion effect (agility)
  2362 | D:3      | XOM: potion effect (agility)
  2369 | D:3      | Noticed Robin
  2379 | D:3      | Reached XP level 4. HP: 12/23 MP: 5/5
  2390 | D:3      | XOM: cast spell 'Dispersal'
  2399 | D:3      | XOM: harmless Pois miscast
  2407 | D:3      | Lost mutation: You are robust. (+10% HP) [potion of mutation]
  2407 | D:3      | Lost mutation: You are covered in thick fur. (AC +2) [potion of mutation]
  2407 | D:3      | Gained mutation: Your mind is acute. (Int +2) [potion of mutation]
  2407 | D:3      | Gained mutation: You evolve. [potion of mutation]
  2407 | D:3      | Gained mutation: You have a pair of small antennae on your head. [potion of mutation]
  2408 | D:3      | Succumbed to Robin's poison
  2409 | D:3      | Reached XP level 3. HP: 0/25 MP: 13/13
  2430 | D:3      | Noticed Jessica
  2452 | D:3      | Killed from afar by an orc wizard

Skill      XL: |  1  2  3 |
---------------+----------+-----
Unarmed Combat | 4 |  4.2
Dodging        | 4 |  4.8
Fighting       | |  3.0

Action                   |  1- 3 |  4- 6 || total
-------------------------+-------+-------++-------
Melee: Unarmed           |   132 |    19 ||   151
       Bite              |    11 |     5 ||    16
       Punch             |     2 |       ||     2
  Use: Potion            |     6 |     4 ||    10
 Stab: Sleeping          |     6 |       ||     6
  Eat: Chunk             |     3 |       ||     3
Armor: Skin              |     3 |     8 ||    11
Dodge: Dodged            |    99 |    18 ||   117
